 Dungeon Crawl Stone Soup version 0.25.0-11-g1f837a76a1 (webtiles) character file.

Game seed: 12565782847058479300

165 Esekla the Grave Robber (level 5, -3/34 HPs)
             Began as an Octopode Necromancer on June 27, 2020.
             Killed from afar by an orc wizard (12 damage)
             ... with a puff of flame
             ... on level 3 of the Dungeon.
             The game lasted 00:17:19 (3137 turns).

Esekla the Grave Robber (Octopode Necromancer)      Turns: 3137, Time: 00:17:19

Health: -3/34      AC:  1    Str:  8    XL:     5   Next: 46%
Magic:  10/10      EV: 14    Int: 18    God:
Gold:   142        SH:  0    Dex: 12    Spells: 6/10 levels left

rFire    . . .     SeeInvis .   s - +3 dagger
rCold    + . .     Gourm    .   (no shield)
rNeg     . . .     Faith    .   (helmet restricted)
rPois    .         Spirit   .   (no amulet)
rElec    .         Reflect  .   m - ring of protection from cold
rCorr    .         Harm     .   r - ring of attention (curse)
MR       .....                  (no ring)
Stlth    ++........             (no ring)
HPRegen  0.11/turn              (no ring)
MPRegen  0.12/turn              (no ring)
                                (no ring)
                                (no ring)

@: no status effects
A: almost no armour, stealthy swim, amphibious, 8 rings, constrict 8, camouflage
1, gelatinous body 1
a: no special abilities


You were on level 3 of the Dungeon.
You were not hungry.

You visited 1 branch of the dungeon, and saw 3 of its levels.

You collected 142 gold pieces.

Inventory:

Hand Weapons
 s - a +3 dagger (weapon)
Jewellery
 m - a ring of protection from cold (left tentacle)
 r - a cursed ring of attention (right tentacle)
Scrolls
 c - a scroll of fear {unknown}
 d - 3 scrolls of remove curse {unknown}
 f - a scroll of enchant weapon {unknown}
 j - a scroll of blinking {unknown}
 k - 2 scrolls of amnesia {unknown}
 l - 2 scrolls of teleportation {unknown}
 q - a scroll of magic mapping {unknown}
 t - a scroll of identify {unknown}
Potions
 a - 2 potions of curing {unknown}
 g - a potion of flight {unknown}
 h - a potion of ambrosia {unknown}
 i - a potion of magic {unknown}
 n - a potion of brilliance {unknown}
 o - a potion of degeneration {unknown}
 p - a potion of mutation {unknown}
Comestibles
 b - 8 rations
 u - 2 chunks of flesh


   Skills:
 * Level 1.8 Fighting
 + Level 1.2 Short Blades
 * Level 2.7 Dodging
 - Level 3.2 Stealth
 * Level 3.3 Spellcasting
 + Level 4.5 Necromancy


You had 6 spell levels left.
You knew the following spells:

 Your Spells              Type           Power        Failure   Level  Hunger
a - Pain                  Necr           ###.         2%          1    None
d - Vampiric Draining     Necr           ###.......   8%          3    ###....

Your spell library contained the following spells:

 Spells                   Type           Power        Failure   Level  Hunger
 Animate Skeleton         Necr           N/A          2%          1    None
 Animate Dead             Necr           N/A          24%         4    ####...
 Agony                    Necr           ###.....     56%         5    ######.


Dungeon Overview and Level Annotations

Branches:
Dungeon (3/15)

Altars:
Dithmenos


Innate Abilities, Weirdness & Mutations

You cannot wear most types of armour.
You are very stealthy in the water. (Stealth+)
You are amphibious.
You can wear up to eight rings at the same time.
You can use your tentacles to constrict eight enemies at once.
Your skin changes colour to match your surroundings (Stealth+).
Your rubbery body absorbs attacks. (AC +1, EV +1)


Message History

There is an open door, spattered with blood here.
You closely miss something.
The orc shouts!
Something hits you but does no damage.
You hit the orc priest but do no damage.
Your grab misses the orc priest. You squeeze the orc priest.
The orc priest is moderately wounded.
The orc priest hits you but does no damage.
Something hits you.
The orc shouts!
You hit the orc priest. Your grab misses the orc priest.
The orc priest is moderately wounded.
The orc priest invokes the aid of Beogh against you.
You barely resist.
The orc priest hits you with a +0 flail.
* * * LOW HITPOINT WARNING * * *
You hear some strange, mumbled words.
A puff of flame appears from out of thin air!
The puff of flame hits you!
You die...

...........#.######.#
#.#####..........##.#
##...###.###.##.####
#.....##.##........#
##...###.##..##.##.#
##.## #.... ...##.# #)#
####.###.##.# #.#
#.###.##.# ##@##
#......... ##o{o##
#.###.###. ##.....##
#.###)# #. # ##.......##
#.#.#.# #.
#.##...o.....###.....# #.
...'.........'.......###.
###....o....###.........
##.......## ###.######
##.....## #.#


You could see 2 orc priests and 2 orcs.

Vanquished Creatures
  4 gnolls (D:2)
  3 adders
  An ooze (D:2)
  3 worms
  4 dart slugs
  2 leopard geckos (D:2)
  2 ball pythons
  5 bats
  5 giant cockroaches
  9 goblins
  10 hobgoblins
  3 jackals (D:2)
  3 quokkas (D:2)
  9 frilled lizards
  6 kobolds
  8 rats
77 creatures vanquished.

Notes
Turn   | Place    | Note
-------+----------+-------------------------------------------
     0 | D:1      | Esekla the Octopode Necromancer began the quest for the
                  | Orb.
     0 | D:1      | Reached XP level 1. HP: 11/11 MP: 3/3
   176 | D:1      | Reached XP level 2. HP: 8/17 MP: 5/5
   801 | D:1      | Reached XP level 3. HP: 20/22 MP: 2/6
   852 | D:1      | Learned a level 3 spell: Vampiric Draining
   909 | D:1      | Reached skill level 1 in Fighting
  1554 | D:2      | Reached XP level 4. HP: 20/28 MP: 3/8
  1813 | D:2      | Found a shadowy altar of Dithmenos.
  2289 | D:2      | Reached skill level 1 in Short Blades
  2293 | D:2      | Reached XP level 5. HP: 29/33 MP: 9/9
  3137 | D:3      | Killed from afar by an orc wizard

Illustrated notes

Levels and vault maps discovered:
D:1:      shiori_arrival_oz, layout_basic
D:2:      layout_basic, nicolae_dithmenos_through_a_glass_darkly,
          minmay_octomino_j4
D:3:      layout_loops_corners, palyth_stone_intersect, led_sif_book,
          uniq_terence, uniq_natasha

Skill      XL: |  1  2  3  4 |
---------------+-------------+-----
Stealth        | 3 |  3.2
Fighting       | 1 |  1.8
Spellcasting   | 3 |  3.3
Short Blades   | 1 |  1.2
Dodging        | |  2.7
Necromancy     | |  4.5

Action                   |  1- 3 |  4- 6 || total
-------------------------+-------+-------++-------
Melee: Unarmed           |    17 |       ||    17
       Constrict         |    16 |    27 ||    43
       Tentacles         |    12 |    19 ||    31
       Short sword       |    41 |    90 ||   131
       Dagger            |       |    13 ||    13
 Cast: Pain              |    23 |     1 ||    24
       Vampiric Draining |     1 |    11 ||    12
 Stab: Sleeping          |     7 |     9 ||    16
       Distracted        |       |     1 ||     1
  Eat: Chunk             |     2 |     6 ||     8
Armor: Skin              |     6 |     5 ||    11
Dodge: Dodged            |    32 |    55 ||    87
